Map: Emerald City LE

Players

OpuS

  • Race: Protoss Protoss
  • League: Diamond
  • Spawn Location: 11:00

Sketchaphone

  • Race: Zerg Zerg
  • League: Gold
  • Spawn Location: 11:00

DrPrefect - Winner!

  • Race: Protoss Protoss
  • League: Gold
  • Spawn Location: 5:00

Saktown - Winner!

  • Race: Terran Terran
  • Spawn Location: 5:00

VOD

Have the link to the VOD?

Description

Time

  • Played on: Jan. 20, 2019, 8:48 p.m.
  • Length: 18:47
Show
View Real Time Build Order
Export as new Build Order

OpuS Protoss 

Build Orders: Nexus First 

Get SALT Encoding   

  12  0:01  Probe  
  13  0:13  Probe  
  14  0:26  Pylon  
  14  0:28  Probe  
  15  0:41  Probe  
  15  0:49  Probe  
  17  1:04  Nexus  
  17  1:08  Probe  
  18  1:12  Assimilator  
  18  1:23  Gateway  
  18  1:25  Probe  
  19  1:33  Probe  
  20  1:41  Probe  
  20  1:44  Pylon  
  21  2:03  Gateway  
  21  2:08  Probe  
  22  2:11  Cybernetics Core  
  22  2:17  Probe  
  22  2:20  Probe  
  24  2:25  Assimilator  
  24  2:29  Probe  
  24  2:32  Probe  
  25  2:39  Gateway  
  25  2:42  Gateway  
  25  2:48  Probe  
  25  2:49  Probe  
  27  2:52  Stalker  
  27  2:57  Warp Gate  
  29  3:04  Probe x2  
  31  3:09  Pylon  
  31  3:23  Stalker  
  31  3:25  Stalker  
  35  3:27  Stalker  
  35  3:29  Probe  
  35  3:32  Probe  
  39  3:41  Robotics Facility  
  39  3:43  Probe  
  39  3:45  Probe  
  41  3:53  Sentry  
  43  3:57  Sentry  
  43  4:00  Zealot  
  47  4:05  Pylon  
  47  4:07  Pylon, Probe x2  
  49  4:15  Sentry  
  51  4:21  Pylon, Immortal  
  51  4:23  Probe x2  
  53  4:35  Probe x2  
  53  4:37  Assimilator  
  59  4:41  Assimilator  
  59  4:47  Probe  
  59  4:52  Immortal  
  60  5:00  Probe  
  60  5:01  Probe  
  60  5:06  Pylon  
  66  5:08  Zealot  
  66  5:09  Zealot x2  
  66  5:11  Zealot  
  66  5:13  Probe  
  75  5:18  Probe  
  75  5:20  Pylon  
  75  5:23  Pylon  
  75  5:25  Probe  
  77  5:56  Nexus, Twilight Council  
  77  5:58  Pylon  
  77  6:05  Probe x2  
  77  6:08  Zealot x4  
  87  6:12  Charge  
  75  6:27  Observer  
  75  6:30  Zealot x2  
  75  6:31  Zealot x2  
  82  6:37  Forge  
  82  6:39  Forge  
  82  6:42  Probe x2  
  82  6:46  Templar Archives  
  84  6:48  Observer  
  85  6:54  Probe x2  
  87  7:01  Zealot x2  
  87  7:02  Zealot x2  
  87  7:06  Probe  
  96  7:10  Observer  
  93  7:22  Psionic Storm  
  93  7:23  Probe x3  
  93  7:28  Robotics Bay  
  96  7:32  Protoss Ground Weapons Level 1, Protoss Ground Armor Level 1  
  96  7:35  Probe  
  92  7:47  Assimilator  
  92  7:50  Assimilator  
  88  7:59  Observer  
  88  8:01  Zealot x2  
  88  8:02  Zealot x2  
  97  8:06  Photon Cannon  
  97  8:09  Pylon  
  93  8:13  Pylon  
  87  8:21  Observer  
  86  8:34  Photon Cannon  
  86  8:36  Probe x3  
  89  8:43  Gateway  
  89  8:46  Gateway  
  89  8:48  Colossus, Photon Cannon, Probe  
  91  8:49  Gateway  
  91  8:50  Extended Thermal Lance, Gateway  
  96  9:13  Stalker x3  
  96  9:14  Stalker  
  104  9:39  Zealot x3  
  104  9:40  Colossus, Zealot x2  
  84  10:02  Zealot x3  
  84  10:03  Zealot x4  
  84  10:05  Zealot  
  94  10:14  Probe  
  94  10:15  Probe x2  
  94  10:16  Protoss Ground Weapons Level 2  
  94  10:17  Protoss Ground Armor Level 2  
  85  10:26  Probe  
  82  10:34  Probe x2  
  84  10:39  Probe  
  85  10:46  Probe x2  
  87  10:51  Probe  
  87  10:53  Zealot  
  87  10:54  Zealot x5  
  87  10:55  Zealot  
  102  11:10  Disruptor  
  91  11:21  Zealot x4  
  91  11:22  Zealot  
  83  11:35  Robotics Facility  
  83  11:44  Zealot x6  
  83  11:45  Disruptor  
  98  12:07  Zealot x4  
  98  12:08  Zealot x4  
  114  12:21  Disruptor  
  109  12:39  Stalker x2  
  109  12:40  Stalker x6  
  109  13:02  High Templar, Disruptor x2  
  109  13:03  High Templar x5  
  112  13:05  Zealot  
  112  13:06  Zealot  
  112  13:09  Probe  
  112  13:10  Probe x2  
  119  13:20  Nexus  
  119  13:21  Probe  
  119  13:23  Pylon  
  119  13:25  Pylon  
  118  13:40  Colossus x2  
  130  13:54  Stalker x3  
  136  13:55  Zealot x2  
  136  13:56  Zealot x3  
  122  14:24  Archon x2  
  122  14:30  Protoss Ground Weapons Level 3, Protoss Ground Armor Level 3  
  113  14:33  Zealot  
  113  14:34  Zealot x3  
  113  14:35  Zealot x4  
  126  14:42  Probe x4  
  130  15:00  Colossus  
  130  15:01  Colossus  
  98  15:33  Probe x4  
  98  15:34  Zealot x3  
  98  15:35  Zealot x5  
  118  15:45  Probe x3  
  115  16:22  Colossus x2  
  115  16:24  Probe x3  
  115  16:25  Probe  
  111  16:27  Stalker x2  
  111  16:28  Stalker x4  
  111  16:29  Stalker x2  
  127  16:36  Probe x2  
  127  16:37  Probe x2  
  127  16:38  Assimilator  
  131  16:43  Assimilator  
  131  16:45  Gateway  
  131  16:47  Gateway  
  131  16:48  Probe x2  
  131  16:51  Gateway  
  131  16:53  Gateway  
  133  17:09  Robotics Facility  
  133  17:10  Robotics Facility  
  133  17:15  Warp Prism x2  
  120  17:44  Colossus  
  120  17:47  Zealot  
  120  17:48  Zealot x5  
  120  17:49  Zealot x2  
Show
View Real Time Build Order
Export as new Build Order

Sketchaphone Zerg 

Build Orders: Pool First 

Get SALT Encoding   

  12  0:01  Drone  
  13  0:11  Drone  
  14  0:16  Overlord  
  14  0:21  Extractor  
  14  0:42  Spawning Pool  
  13  0:44  Drone  
  13  0:46  Drone  
  13  0:47  Drone  
  16  0:56  Drone  
  17  1:06  Drone  
  17  1:11  Extractor  
  17  1:22  Hatchery  
  16  1:39  Drone  
  17  1:40  Spawning Pool  
  17  1:45  Zergling x4  
  17  1:47  Queen  
  21  2:00  Overlord  
  21  2:01  Drone  
  22  2:12  Metabolic Boost  
  22  2:21  Drone  
  23  2:26  Drone  
  24  2:35  Overlord  
  24  2:37  Drone  
  24  2:39  Roach Warren  
  24  2:59  Drone x3  
  24  3:01  Drone x3  
  29  3:19  Drone x2  
  30  3:20  Roach x2  
  34  3:29  Overlord  
  34  3:35  Drone x2  
  34  3:40  Overlord  
  36  3:46  Queen  
  39  3:48  Zergling x2  
  39  3:49  Zergling x2  
  40  3:57  Overlord  
  40  3:58  Overlord  
  40  3:59  Drone  
  40  4:00  Drone  
  42  4:03  Drone  
  42  4:09  Lair  
  43  4:11  Drone  
  43  4:12  Drone  
  45  4:20  Drone  
  46  4:29  Hatchery  
  45  4:35  Queen  
  45  4:36  Drone x2  
  49  4:43  Drone x2  
  51  4:50  Roach x2, Drone  
  56  4:55  Drone  
  57  5:02  Overlord  
  57  5:05  Drone  
  58  5:09  Drone  
  58  5:10  Extractor  
  58  5:12  Glial Reconstitution  
  58  5:13  Evolution Chamber  
  58  5:14  Evolution Chamber  
  56  5:16  Drone  
  57  5:29  Overlord x2  
  55  5:38  Zerg Ground Armor Level 1  
  55  5:46  Extractor  
  55  5:48  Drone x3  
  55  5:49  Extractor  
  56  5:52  Queen  
  56  5:53  Drone x5  
  56  5:54  Overlord x2  
  56  5:55  Zergling x2  
  64  6:07  Zergling x2  
  64  6:08  Zergling x4  
  67  6:17  Roach x3  
  67  6:18  Roach x2  
  77  6:20  Zergling x2  
  77  6:23  Zerg Missile Weapons Level 1  
  78  6:32  Drone x3  
  81  6:33  Overlord  
  81  6:37  Drone  
  82  6:51  Hatchery  
  81  7:05  Queen  
  81  7:06  Queen  
  85  7:19  Ravager  
  85  7:20  Ravager  
  87  7:25  Hydralisk Den  
  86  7:31  Infestation Pit  
  86  7:34  Overseer  
  82  7:51  Drone x8  
  87  8:05  Overseer  
  87  8:11  Queen x3  
  91  8:16  Drone x4  
  91  8:17  Drone  
  91  8:25  Roach, Infestor  
  91  8:26  Infestor  
  96  8:27  Roach x13  
  96  8:29  Zerg Missile Weapons Level 2  
  122  8:36  Extractor  
  122  8:37  Drone  
  122  8:38  Extractor  
  121  8:46  Overlord x3, Pneumatized Carapace  
  121  8:48  Overseer  
  121  9:08  Hydralisk x3  
  121  9:09  Hydralisk x2  
  131  9:19  Pathogen Glands  
  131  9:21  Grooved Spines  
  77  9:42  Roach x9  
  93  9:47  Drone  
  89  10:00  Infestor  
  89  10:01  Infestor  
  91  10:09  Roach x3, Drone x3  
  100  10:16  Drone  
  99  10:27  Roach x5  
  89  10:37  Extractor  
  88  10:47  Hydralisk  
  88  10:48  Hydralisk x6  
  94  11:14  Roach  
  94  11:15  Roach x7  
  94  11:18  Zergling x2  
  95  11:20  Roach  
  81  11:28  Hydralisk  
  63  11:49  Roach x4  
  70  11:56  Hatchery  
  66  12:17  Roach x5  
  76  12:37  Hatchery  
  76  12:39  Hydralisk x6  
  76  12:43  Hatchery  
  86  12:51  Hydralisk x4  
  92  13:06  Neural Parasite  
  92  13:07  Infestor  
  92  13:08  Infestor  
  92  13:26  Hydralisk x3  
  98  13:42  Drone x3  
  98  13:43  Drone  
  98  13:44  Drone  
  103  13:54  Ravager  
  104  14:11  Drone x7  
  104  14:12  Drone x2  
  74  14:41  Roach x8  
  88  14:57  Hydralisk  
  88  14:59  Roach x5  
  86  15:37  Drone x2  
  88  15:44  Extractor  
  88  15:49  Spire, Muscular Augments  
  86  15:58  Lurker Den  
  86  16:04  Hatchery  
  84  16:05  Burrow  
  84  16:08  Infestor x2  
  84  16:10  Roach  
  84  16:11  Roach x2, Hydralisk x2  
  98  16:21  Drone x2  
  98  16:22  Drone x2  
  98  16:23  Drone  
  79  16:47  Queen  
  79  16:52  Hydralisk x2  
  79  16:53  Roach  
  79  16:54  Roach x2  
  89  17:06  Overlord  
  89  17:07  Overlord x2  
  75  17:49  Hydralisk x2  
  75  17:50  Hydralisk x3  
  75  17:51  Hydralisk x9  
Show
View Real Time Build Order
Export as new Build Order

DrPrefect Protoss - Winner!

Build Orders:  

Get SALT Encoding   

  1  0:00  Probe  
  12  0:06  Probe  
  14  0:19  Pylon  
  14  0:22  Probe  
  15  0:38  Gateway  
  15  0:46  Probe  
  15  0:47  Assimilator  
  16  0:58  Probe  
  16  1:03  Gateway  
  17  1:10  Probe  
  18  1:22  Probe  
  19  1:29  Cybernetics Core  
  19  1:31  Pylon  
  19  1:37  Probe  
  20  2:09  Nexus  
  20  2:11  Probe  
  20  2:14  Pylon  
  21  2:23  Probe  
  21  2:24  Adept, Assimilator  
  24  2:35  Probe  
  24  2:36  Twilight Council  
  25  2:52  Shield Battery  
  25  2:56  Probe  
  26  3:03  Stalker  
  26  3:04  Probe  
  28  3:12  Probe  
  30  3:24  Probe  
  31  3:29  Probe  
  31  3:31  Warp Gate  
  32  3:36  Probe  
  34  3:41  Probe  
  34  3:47  Adept x2  
  34  3:48  Probe  
  35  3:54  Probe  
  40  3:57  Pylon  
  40  4:09  Probe  
  41  4:10  Probe  
  42  4:21  Robotics Facility  
  42  4:27  Dark Shrine  
  42  4:31  Pylon  
  42  4:32  Probe x2  
  42  4:36  Forge  
  44  4:42  Assimilator  
  44  4:44  Probe x2  
  46  4:56  Probe  
  46  4:57  Probe  
  48  5:02  Assimilator  
  48  5:09  Observer  
  49  5:15  Probe  
  49  5:17  Protoss Ground Weapons Level 1  
  49  5:21  Gateway  
  50  5:22  Gateway  
  50  5:28  Pylon  
  50  5:31  Gateway  
  50  5:34  Gateway  
  50  5:39  Forge  
  50  5:41  Probe x2  
  52  5:53  Probe x2  
  52  5:54  Immortal  
  52  5:56  Dark Templar x2  
  62  6:05  Probe x2  
  64  6:17  Probe x2  
  60  6:29  Probe  
  60  6:32  Probe  
  62  6:41  Probe  
  62  6:44  Probe  
  64  6:48  Dark Templar x2  
  64  6:53  Probe  
  69  6:56  Probe  
  70  7:03  Charge  
  70  7:06  Probe  
  70  7:07  Zealot x2  
  70  7:08  Zealot, Probe  
  78  8:12  Probe x2  
  78  8:24  Probe  
  78  8:26  Probe  
  76  8:36  Nexus, Probe  
  76  8:38  Probe, Assimilator  
  78  8:43  Assimilator  
  78  8:44  Protoss Ground Weapons Level 2, Protoss Ground Armor Level 1, Pylon  
  78  8:45  Pylon  
  78  8:46  Pylon  
  78  8:47  Pylon x2  
  78  8:49  Pylon  
  78  8:50  Pylon x2  
  78  9:01  Observer  
  78  9:03  Gateway  
  78  9:04  Gateway  
  78  9:06  Dark Templar x2  
  78  9:07  Dark Templar x4  
  90  9:10  Archon  
  90  9:11  Archon x2  
  78  9:41  Probe  
  78  9:42  Probe  
  78  9:44  Dark Templar x5  
  90  9:45  Zealot  
  90  9:48  Archon x2  
  92  9:53  Probe  
  92  9:54  Probe  
  92  9:55  Probe  
  95  10:07  Probe  
  96  10:20  Probe  
  96  10:25  Zealot x4  
  96  10:26  Zealot x4  
  96  10:27  Nexus  
  112  10:30  Assimilator  
  112  10:32  Probe  
  112  10:34  Assimilator  
  113  10:37  Pylon  
  113  10:43  Gateway  
  113  10:44  Probe  
  113  10:45  Gateway  
  113  10:46  Pylon  
  114  10:50  Dark Templar  
  114  10:51  Dark Templar x6  
  114  10:54  Archon  
  114  10:55  Archon x2  
  114  10:56  Zealot, Probe  
  109  11:26  Probe  
  109  11:31  Zealot  
  109  11:32  Zealot x7  
  116  11:38  Probe  
  120  11:47  Probe  
  120  11:50  Probe  
  120  11:53  Probe x2  
  123  11:56  Protoss Ground Armor Level 2  
  123  11:57  Dark Templar  
  123  11:58  Dark Templar x6  
  123  11:59  Probe, Dark Templar  
  123  12:00  Protoss Ground Weapons Level 3  
  140  12:01  Archon  
  140  12:02  Archon x3  
  140  12:03  Probe  
  140  12:05  Probe  
  142  12:11  Probe  
  142  12:15  Zealot x2, Probe  
  148  12:23  Probe  
  148  12:25  Observer  
  140  12:32  Zealot x4  
  140  12:33  Zealot x4  
  140  12:35  Probe  
  157  12:44  Archon  
  157  12:47  Observer  
  150  13:31  Zealot x2  
  150  13:32  Zealot x7  
  150  13:33  Zealot  
  170  13:40  Immortal  
  174  13:55  Zealot x4  
  178  13:56  Zealot x3  
  178  13:57  Robotics Facility  
  178  14:01  Pylon  
  132  14:20  Immortal  
  126  14:38  Zealot x4  
  126  14:39  Zealot x6  
  144  14:59  Zealot x5, Immortal  
  158  15:00  Zealot x4  
  126  15:24  Dark Templar x4  
  126  15:25  Dark Templar x5  
  126  15:26  Dark Templar  
  132  15:30  Archon x2  
  132  15:31  Archon x3  
  132  15:36  Immortal  
  132  15:38  Immortal  
  140  15:50  Pylon  
  140  15:52  Probe  
  141  15:59  Dark Templar x2  
  141  16:00  Dark Templar x5  
  141  16:01  Dark Templar x3  
  141  16:03  Archon  
  141  16:04  Archon x2, Probe  
  161  16:05  Archon x2  
  162  16:16  Probe  
  163  16:28  Probe  
  164  16:40  Probe  
  164  16:41  Zealot  
  164  16:42  Zealot x6  
  164  16:43  Zealot x3  
  145  17:51  Zealot x5  
  117  17:52  Zealot x5  
  127  18:15  Dark Templar  
  127  18:16  Dark Templar x6  
  127  18:17  Dark Templar x3  
  127  18:19  Archon  
  147  18:20  Archon x3  
  147  18:21  Archon  
  145  18:33  Probe x3  
Show
View Real Time Build Order
Export as new Build Order

Saktown Terran - Winner!

Build Orders:  

Get SALT Encoding   

  12  0:01  SCV  
  13  0:13  SCV  
  14  0:23  Supply Depot  
  14  0:25  SCV  
  15  0:37  Refinery  
  15  0:44  SCV  
  16  0:51  Barracks  
  16  0:58  SCV  
  17  1:10  SCV  
  18  1:22  SCV  
  19  1:34  SCV  
  19  1:39  Marine  
  21  1:49  Command Center  
  21  1:58  Orbital Command  
  21  2:01  Supply Depot  
  21  2:04  Refinery  
  21  2:08  Marine  
  22  2:25  SCV  
  22  2:29  Barracks Reactor  
  23  2:36  Factory  
  23  2:38  SCV  
  24  2:50  SCV  
  25  3:03  Orbital Command, SCV  
  26  3:07  Marine x2  
  28  3:25  Factory Tech Lab, Marine x2  
  28  3:26  Orbital Command  
  30  3:28  Starport  
  30  3:40  SCV  
  31  3:44  Siege Tank  
  34  3:52  Supply Depot, SCV  
  34  3:53  Marine x2  
  37  3:57  SCV  
  38  4:04  Starport Reactor, SCV  
  38  4:09  SCV  
  40  4:11  Marine x2  
  40  4:16  Barracks, SCV  
  43  4:17  Barracks  
  43  4:21  Siege Tank  
  43  4:22  SCV  
  47  4:29  SCV  
  48  4:34  SCV  
  48  4:37  Supply Depot  
  49  4:41  SCV  
  50  4:53  SCV x2  
  50  4:59  Supply Depot  
  52  5:01  Marine  
  52  5:02  Marine  
  52  5:05  Medivac, SCV x2  
  52  5:06  Barracks Tech Lab  
  52  5:07  Barracks Tech Lab  
  58  5:09  Medivac  
  60  5:17  SCV  
  60  5:18  SCV  
  65  5:21  Refinery, Siege Tank  
  65  5:23  Refinery, Supply Depot  
  65  5:30  Supply Depot  
  65  5:38  Combat Shield  
  65  5:39  Stimpack  
  65  5:49  Marine x2  
  67  5:50  Marauder x2  
  67  5:52  Supply Depot  
  71  6:07  Marine x2  
  73  6:12  Liberator  
  73  6:13  Liberator  
  73  6:15  Marine  
  73  6:16  Marine  
  74  6:24  Marine  
  74  6:25  Marine  
  82  6:33  Marine x2  
  84  6:42  Marine  
  84  6:43  Marine  
  84  6:46  Supply Depot  
  86  6:49  Engineering Bay x2  
  86  6:51  Marine x2  
  86  6:52  SCV  
  89  6:57  Concussive Shells  
  89  7:00  Marine  
  90  7:07  Siege Tank  
  93  7:08  Marine  
  93  7:09  Marauder  
  93  7:10  Marauder, Supply Depot  
  98  7:18  Marine  
  99  7:26  Marine  
  100  7:30  Marine x2  
  100  7:32  Medivac x2  
  100  7:33  Supply Depot  
  100  7:36  Marine, SCV  
  108  7:48  Terran Infantry Weapons Level 1, Supply Depot  
  108  7:49  Marauder  
  110  7:52  Terran Infantry Armor Level 1  
  110  7:55  Marauder, Siege Tank  
  115  8:02  Viking  
  117  8:12  Supply Depot, Command Center  
  117  8:21  Medivac  
  117  8:23  Marauder x2, Marine x2  
  125  8:33  Medivac  
  127  8:41  Armory, Marine x2  
  128  8:42  SCV x2  
  128  8:44  Marine x2  
  133  8:58  Marine  
  134  9:23  Medivac x2, Marine  
  134  9:24  Marauder x2  
  127  9:48  Marine  
  127  9:49  Marine x2  
  127  9:50  Marauder, Siege Tank  
  135  9:53  Medivac x2  
  117  10:06  Marine  
  117  10:07  Marine x2  
  116  10:10  Marine  
  111  10:24  Marine x3  
  107  10:28  Marine  
  107  10:32  Viking x2  
  107  10:34  Siege Tank  
  115  10:41  Terran Infantry Weapons Level 2, Terran Infantry Armor Level 2  
  115  10:42  Marine  
  116  10:43  Barracks x3, Marauder  
  116  10:47  Marauder  
  106  11:04  Marauder  
  106  11:08  Marine x3  
  100  11:25  Marine x2  
  89  11:40  Command Center  
  89  11:45  Marine  
  89  11:46  Marine x3  
  89  12:03  Marine x4  
  89  12:05  Barracks Reactor  
  89  12:06  Barracks Tech Lab  
  89  12:07  Barracks Tech Lab  
  82  12:21  Marine x2  
  78  12:25  Marauder  
  78  12:27  Marine x2  
  78  12:28  Marauder  
  81  12:31  Terran Vehicle And Ship Armor Level 1  
  81  12:36  Viking x2  
  81  12:39  Marine x2  
  81  12:41  Siege Tank  
  84  12:46  Marauder x2, Marine  
  84  12:49  Marine  
  89  12:57  Marine  
  90  13:14  Marine x8  
  98  13:20  Terran Infantry Weapons Level 3, Terran Infantry Armor Level 3  
  98  13:30  Planetary Fortress  
  98  13:31  Marine  
  98  13:32  Marauder x3  
  106  13:34  SCV x2  
  107  13:47  Marauder, Marine x3  
  112  13:54  Marauder  
  99  14:35  Marine x4  
  103  14:41  Marine x3  
  104  14:48  Marine  
  104  14:50  Siege Tank  
  108  14:53  Marine x4  
  108  14:59  Marauder x3  
  116  15:06  Marine  
  117  15:10  Viking  
  117  15:11  Marine x4, Viking  
  125  15:20  Marauder  
  125  15:21  Marauder x2  
  111  15:24  Marine  
  92  15:39  Marine  
  92  15:40  Marine x3, Viking  
  92  15:42  Marauder x4  
  106  15:53  Refinery  
  106  15:57  Marine x2, Refinery  
  106  15:58  Marine x2  
  106  16:03  Marauder x2, Marine x2  
  106  16:04  Thor  
  118  16:31  Marauder, Marine x4  
  118  16:32  Marauder x2, Marine  
  129  16:49  Marine x4  
  129  16:50  Marauder  
  129  16:52  Thor  
  129  16:53  Marauder  
  143  16:54  Marine  
  143  16:55  Marauder  
  144  17:06  Marine  
  145  17:11  Marauder  
  147  17:21  Medivac  
  148  17:32  Medivac  
  143  17:51  Viking  
  137  18:01  Viking  
  137  18:05  Marine x2  
  131  18:06  Marauder x3, Marine x2  
  138  18:14  Marine  
  138  18:17  Supply Depot  
  139  18:23  Marine x3  
  136  18:41  Supply Depot  
Tags
 
Add a new tag
Caveats
  • Supply blocks, unpowered buildings, or Contaminate may cause inaccurate times.
  • Supply counts are checked every 10 seconds.